Indians vs Kessel Run

Created - Thursday, March 12, 2020 at 10:05

Goals
1 2 3 T
Indians 1 0 0 1
Kessel Run 1 1 0 2
Shots
1 2 3 T
Indians 6 15 11 32
Kessel Run 17 16 12 45

1st period

1. Kessel Run , Mathew Barzal 30 (Alexander Wennberg 40, Matt Dumba 26) at 0:16
2. Indians , Alex Biega 2 (Nick Sorensen 1, Alex Grant 25) at 8:22

Penalties :
Dan Hamhuis (QUE) for Holding (Minor) at 1:59, Jean-Sebastien Dea (MTL) for Goalie Interference (Minor) at 10:33, Slater Koekkoek (QUE) for Hooking (Minor) at 18:01

2nd period

3. Kessel Run , Jussi Jokinen 13 (Evgeny Medvedev 13, Gavin Bayreuther 14) at 2:43

Penalties :
No Penalty

3rd period

No Goal

Penalties :
No Penalty

Goalie Stats

Leland Irving (QUE), 43 saves from 45 shots - (0.956), L, 13-9-3, 59:09 minutes
Jonas Hiller (MTL), 31 saves from 32 shots - (0.969), W, 24-13-7, 60:00 minutes

Players Stats for Indians

Player Name              G  A  P  +/- PIM S  H  SB GA TA FO     MP     PP MP  PK MP  
------------------------------------------------------------------------------------
Alex Biega               1  0  1   1  0   1  1  1  0  1  0/0     5:22   0:00   0:30 
Alex Grant               0  1  1   0  0   3  1  0  0  2  0/0    25:36   1:12   2:12 
Chris Conner             0  0  0   0  0   1  1  0  0  2  0/2    15:34   0:50   0:06 
Damien Brunner           0  0  0  -2  0   7  0  1  3  0  0/2    21:17   1:06   0:00 
Dan Hamhuis              0  0  0  -2  2   2  3  1  1  1  0/0    28:07   0:09   1:16 
Derek Ryan               0  0  0  -2  0   4  3  3  0  0  15/33  21:16   0:59   0:06 
Drew Stafford            0  0  0   0  0   1  1  0  1  0  0/1    16:17   0:59   0:00 
Eric O'Dell              0  0  0   0  0   0  1  1  0  0  6/13   17:23   0:50   1:49 
Eric Tangradi            0  0  0   1  0   2  2  2  0  0  0/0    12:39   0:00   0:00 
Ladislav Smid            0  0  0  -1  0   3  3  3  0  1  0/0    22:53   1:03   1:46 
Mikko Koivu              0  0  0   1  0   2  1  1  0  0  9/15   14:52   0:10   2:03 
Mirco Mueller            0  0  0   0  0   0  2  0  0  0  0/0     9:00   0:00   0:00 
Nick Sorensen            0  1  1   1  0   3  0  0  2  0  0/0    14:59   0:10   1:49 
Rocco Grimaldi           0  0  0   0  0   0  1  1  0  0  0/0     8:35   0:03   2:03 
Slater Koekkoek          0  0  0   0  2   2  2  1  0  0  0/0    17:22   0:47   0:00 
Thomas Vanek             0  0  0  -2  0   0  1  0  1  0  2/2    20:06   0:50   0:00 
Tobias Enstrom           0  0  0   0  0   0  0  1  1  3  0/0    18:13   0:47   2:12 
Zac Dalpe                0  0  0   0  0   1  0  0  0  0  0/1     6:29   0:00   0:00 

Players Stats for Kessel Run

Player Name              G  A  P  +/- PIM S  H  SB GA TA FO     MP     PP MP  PK MP  
------------------------------------------------------------------------------------
Alexander Wennberg       0  1  1   0  0   5  1  0  0  0  20/31  21:15   2:28   0:52 
Byron Froese             0  0  0   0  0   0  1  0  1  0  1/3     8:12   0:00   0:00 
Casey Wellman            0  0  0   1  0   3  0  1  1  0  7/16   16:32   1:30   0:00 
Dean Kukan               0  0  0   0  0   1  0  0  0  0  0/0    16:19   0:00   1:07 
Evgeny Medvedev          0  1  1   1  0   1  1  2  0  0  0/0    20:08   1:34   0:00 
Gavin Bayreuther         0  1  1   1  0   5  0  1  0  1  0/0    18:08   0:00   0:00 
Jean-Sebastien Dea       0  0  0   0  2   1  1  0  0  0  6/10   12:53   0:00   0:00 
Jon Matsumoto            0  0  0   0  0   5  1  0  1  1  1/1     9:20   0:00   1:07 
Jussi Jokinen            1  0  1   1  0   4  4  0  0  0  1/2    16:32   1:30   0:00 
Justin Florek            0  0  0   0  0   0  2  0  1  0  0/0     8:12   0:00   0:00 
Ladislav Nagy            0  0  0   1  0   3  0  2  0  0  0/2    16:32   1:30   0:00 
Marc-Andre Gragnani      0  0  0   0  0   1  2  3  0  0  0/0    19:31   2:24   1:07 
Mathew Barzal            1  0  1   0  0   6  1  0  1  1  1/2    21:31   2:28   1:07 
Matt Dumba               0  1  1   0  0   4  6  1  1  4  0/0    23:46   2:24   0:52 
Rostislav Olesz          0  0  0   0  0   0  2  0  0  1  0/1    13:45   0:00   0:52 
Sergei Kostitsyn         0  0  0   0  0   4  5  0  2  1  0/0    12:53   0:00   0:00 
Trevor Carrick           0  0  0   0  0   0  1  0  0  0  0/0    22:08   1:34   0:52 
William Nylander         0  0  0   0  0   2  1  1  2  0  0/1    20:23   2:28   0:00 

3 Stars

1 - Leland Irving (QUE)
2 - Jonas Hiller (MTL)
3 - Jussi Jokinen (MTL)

Power Play

Indians - 0 on 1 Attempt(s) - 0.00%
Kessel Run - 0 on 2 Attempt(s) - 0.00%

Penalty Kill

Indians - 2 on 2 Attempt(s) - 100.00% - Score 0 goal in Penalty Kill
Kessel Run - 1 on 1 Attempt(s) - 100.00% - Score 0 goal in Penalty Kill

Team Stat

Indians - Hits : 23 - Faceoff Wins : 32 - Blocked Shots : 16 - Penalty Minutes : 4
Kessel Run - Hits : 29 - Faceoff Wins : 37 - Blocked Shots : 11 - Penalty Minutes : 2

Official

Referees : Darcy Burchell and Alex Garon
Linesman : Francis Trempe and Kiel Murchison

Game Notes

Alex Biega is injured at 16:35 of 1st period (Left Knee)
2:43 of 2nd period - Kessel Run goal is going for a video replay. After video review, Goal.

Finance

Level 1 -- Attendance: 2000 (100.00%) -- Ticket Income $116,000
Level 2 -- Attendance: 1000 (100.00%) -- Ticket Income $11,000
Total Attendance: 3000 (100.00%)
Total Ticket Income: $127,000
Other Income: $6,350
Total Income: $133,350

Indians

5 vs 5 Forward 
   Center                   Left Wing                Right Wing               Time % Phy DF OF 
 1 Derek Ryan               Thomas Vanek             Damien Brunner           40     0   2  3  
 2 Eric O'Dell              Chris Conner             Drew Stafford            30     1   2  2  
 3 Mikko Koivu              Eric Tangradi            Nick Sorensen            25     1   2  2  
 4 Zac Dalpe                Mirco Mueller            Rocco Grimaldi           5      1   2  2  

5 vs 5 Defense 
   Defense                  Defense                                           Time % Phy DF OF 
 1 Ladislav Smid            Dan Hamhuis                                       43     1   3  1  
 2 Alex Biega               Alex Grant                                        43     1   3  1  
 3 Tobias Enstrom           Slater Koekkoek                                   14     1   3  1  
 4 Ladislav Smid            Dan Hamhuis                                       0      0   3  2  

PowerPlay Forward 
   Center                   Left Wing                Right Wing               Time % Phy DF OF 
 1 Derek Ryan               Drew Stafford            Damien Brunner           55     0   0  5  
 2 Eric O'Dell              Thomas Vanek             Chris Conner             45     1   0  4  

PowerPlay Defense
   Defense                  Defense                                           Time % Phy DF OF 
 1 Ladislav Smid            Alex Grant                                        60     1   0  4  
 2 Tobias Enstrom           Slater Koekkoek                                   40     1   0  4  

Penalty Kill 4 Players Forward 
   Center                   Wing                     Time % Phy DF OF 
 1 Mikko Koivu              Rocco Grimaldi           50     1   4  0  
 2 Eric O'Dell              Nick Sorensen            50     1   4  0  

Penalty Kill 4 Players Defense
   Defense                  Defense                  Time % Phy DF OF 
 1 Ladislav Smid            Dan Hamhuis              50     1   4  0  
 2 Alex Grant               Tobias Enstrom           50     1   4  0  

Penalty Kill - 3 Players Forward 
   Forward                                           Time % Phy DF OF 
 1 Eric O'Dell                                       50     1   4  0  
 2 Nick Sorensen                                     50     1   4  0  

Penalty Kill - 3 Players Defense
   Defense                  Defense                  Time % Phy DF OF 
 1 Ladislav Smid            Dan Hamhuis              50     1   4  0  
 2 Slater Koekkoek          Tobias Enstrom           50     1   4  0  

4 vs 4 Forward 
   Center                   Wing                     Time % Phy DF OF 
 1 Derek Ryan               Damien Brunner           50     1   2  2  
 2 Eric O'Dell              Drew Stafford            50     1   2  2  

4 vs 4 Defense
   Defense                  Defense                  Time % Phy DF OF 
 1 Ladislav Smid            Dan Hamhuis              50     1   2  2  
 2 Tobias Enstrom           Slater Koekkoek          50     1   2  2  

Last Minutes Offensive
   Center                   Left Wing                Right Wing               Defense                  Defense                  
   Derek Ryan               Damien Brunner           Drew Stafford            Ladislav Smid            Dan Hamhuis              

Last Minutes Defensive
   Center                   Left Wing                Right Wing               Defense                  Defense                  
   Mikko Koivu              Nick Sorensen            Rocco Grimaldi           Ladislav Smid            Dan Hamhuis              

Goaltenders
Starting : Leland Irving            
Backup : Jaroslav Halak           

Extra Forwards
Normal : Eric O'Dell, Derek Ryan, Drew Stafford - PP : Chris Conner, Damien Brunner - PK : Eric O'Dell
Extra Defensemen
Normal : Dan Hamhuis, Ladislav Smid, Alex Biega - PP : Dan Hamhuis - PK : Tobias Enstrom, Dan Hamhuis
Penalty Shots
Damien Brunner, Derek Ryan, Drew Stafford, Chris Conner, Eric O'Dell
Custom OT Lines Forwards
Derek Ryan, Damien Brunner, Eric O'Dell, Drew Stafford, Thomas Vanek, Nick Sorensen, Chris Conner, Rocco Grimaldi, Eric Tangradi, Mikko Koivu
Custom OT Lines Defensemen
Ladislav Smid, Dan Hamhuis, Alex Biega, Tobias Enstrom, Slater Koekkoek

Scratches
Carl Soderberg (Torn Right MCL Injury), Cody McLeod (Healthy)

Kessel Run

5 vs 5 Forward 
   Center                   Left Wing                Right Wing               Time % Phy DF OF 
 1 Alexander Wennberg       Mathew Barzal            William Nylander         34     0   1  4  
 2 Casey Wellman            Ladislav Nagy            Jussi Jokinen            30     0   2  3  
 3 Jean-Sebastien Dea       Sergei Kostitsyn         Rostislav Olesz          24     0   2  3  
 4 Byron Froese             Justin Florek            Jon Matsumoto            12     0   4  1  

5 vs 5 Defense 
   Defense                  Defense                                           Time % Phy DF OF 
 1 Matt Dumba               Trevor Carrick                                    37     1   2  2  
 2 Evgeny Medvedev          Gavin Bayreuther                                  34     1   2  2  
 3 Marc-Andre Gragnani      Dean Kukan                                        29     1   2  2  
 4 Matt Dumba               Marc-Andre Gragnani                               0      1   2  2  

PowerPlay Forward 
   Center                   Left Wing                Right Wing               Time % Phy DF OF 
 1 Alexander Wennberg       Mathew Barzal            William Nylander         53     1   2  2  
 2 Casey Wellman            Ladislav Nagy            Jussi Jokinen            47     1   2  2  

PowerPlay Defense
   Defense                  Defense                                           Time % Phy DF OF 
 1 Matt Dumba               Marc-Andre Gragnani                               50     1   2  2  
 2 Trevor Carrick           Evgeny Medvedev                                   50     1   2  2  

Penalty Kill 4 Players Forward 
   Center                   Wing                     Time % Phy DF OF 
 1 Alexander Wennberg       Rostislav Olesz          50     0   5  0  
 2 Jon Matsumoto            Mathew Barzal            50     0   5  0  

Penalty Kill 4 Players Defense
   Defense                  Defense                  Time % Phy DF OF 
 1 Marc-Andre Gragnani      Dean Kukan               50     0   5  0  
 2 Matt Dumba               Trevor Carrick           50     0   5  0  

Penalty Kill - 3 Players Forward 
   Forward                                           Time % Phy DF OF 
 1 Rostislav Olesz                                   50     0   5  0  
 2 Alexander Wennberg                                50     0   5  0  

Penalty Kill - 3 Players Defense
   Defense                  Defense                  Time % Phy DF OF 
 1 Matt Dumba               Trevor Carrick           50     0   5  0  
 2 Marc-Andre Gragnani      Gavin Bayreuther         50     0   5  0  

4 vs 4 Forward 
   Center                   Wing                     Time % Phy DF OF 
 1 Alexander Wennberg       Mathew Barzal            50     0   1  4  
 2 Casey Wellman            William Nylander         50     0   2  3  

4 vs 4 Defense
   Defense                  Defense                  Time % Phy DF OF 
 1 Gavin Bayreuther         Trevor Carrick           50     0   3  2  
 2 Matt Dumba               Marc-Andre Gragnani      50     0   4  1  

Last Minutes Offensive
   Center                   Left Wing                Right Wing               Defense                  Defense                  
   Alexander Wennberg       Mathew Barzal            William Nylander         Matt Dumba               Marc-Andre Gragnani      

Last Minutes Defensive
   Center                   Left Wing                Right Wing               Defense                  Defense                  
   Alexander Wennberg       Mathew Barzal            William Nylander         Matt Dumba               Marc-Andre Gragnani      

Goaltenders
Starting : Jonas Hiller             
Backup : Anton Khudobin           

Extra Forwards
Normal : Mathew Barzal, Alexander Wennberg, William Nylander - PP : Alexander Wennberg, William Nylander - PK : Alexander Wennberg
Extra Defensemen
Normal : Matt Dumba, Marc-Andre Gragnani, Evgeny Medvedev - PP : Matt Dumba - PK : Evgeny Medvedev, Matt Dumba
Penalty Shots
Mathew Barzal, Alexander Wennberg, William Nylander, Matt Dumba, Casey Wellman
Custom OT Lines Forwards
Alexander Wennberg, Mathew Barzal, William Nylander, Casey Wellman, Sergei Kostitsyn, Ladislav Nagy, Jussi Jokinen, Rostislav Olesz, Jon Matsumoto, 
Custom OT Lines Defensemen
Matt Dumba, Marc-Andre Gragnani, Evgeny Medvedev, Dean Kukan, Gavin Bayreuther

Scratches
Andrew Poturalski (Healthy), Justin Dowling (Healthy), Kyle Rau (Healthy), Maxime Talbot (Healthy), Ron Hainsey (Healthy)
Jeff Zatkoff (Healthy)

% Time on Ice - Indians

Lines # - Real PCT - Wanted PCT - Time Play
Normal Forward
1 - 36% - 40% - 19:14
2 - 28% - 30% - 14:44
3 - 24% - 25% - 12:39
4 - 12% - 5% - 6:29
Normal Defense
1 - 29% - 43% - 15:14
2 - 43% - 43% - 22:38
3 - 29% - 14% - 15:14
4 - 0% - 0% - 0:00
PP Forward
1 - 58% - 55% - 1:09
2 - 42% - 45% - 0:50
PP Defense
1 - 61% - 60% - 1:12
2 - 39% - 40% - 0:47
PK Forward
1 - 52% - 50% - 2:03
2 - 48% - 50% - 1:55
PK Defense
1 - 45% - 50% - 1:46
2 - 55% - 50% - 2:12
PK3 Forward
1 - 0% - 50%
2 - 0% - 50%
PK3 Defense
1 - 0% - 50%
2 - 0% - 50%
44 Forward
1 - 0% - 50%
2 - 0% - 50%
44 Defense
1 - 0% - 50%
2 - 0% - 50%
Last Minute Offensive  - 0:57
Last Minute Defensive  - 0:00
Total
Forward - 60:00
Defense - 60:00

% Time on Ice - Kessel Run

Lines # - Real PCT - Wanted PCT - Time Play
Normal Forward
1 - 32% - 34% - 16:54
2 - 28% - 30% - 15:03
3 - 24% - 24% - 12:53
4 - 15% - 12% - 8:12
Normal Defense
1 - 36% - 37% - 19:17
2 - 35% - 34% - 18:34
3 - 29% - 29% - 15:11
4 - 0% - 0% - 0:00
PP Forward
1 - 62% - 53% - 2:28
2 - 38% - 47% - 1:30
PP Defense
1 - 61% - 50% - 2:24
2 - 39% - 50% - 1:34
PK Forward
1 - 44% - 50% - 0:52
2 - 56% - 50% - 1:07
PK Defense
1 - 56% - 50% - 1:07
2 - 44% - 50% - 0:52
PK3 Forward
1 - 0% - 50%
2 - 0% - 50%
PK3 Defense
1 - 0% - 50%
2 - 0% - 50%
44 Forward
1 - 0% - 50%
2 - 0% - 50%
44 Defense
1 - 0% - 50%
2 - 0% - 50%
Last Minute Offensive  - 0:00
Last Minute Defensive  - 1:01
Total
Forward - 60:00
Defense - 60:00

Play-by-Play

1st period


0:01 of 1st period - Alexander Wennberg wins face-off versus Damien Brunner in neutral zone.
0:08 of 1st period - Slapshot by Mathew Barzal.
0:08 of 1st period - Deflect By Dan Hamhuis.
0:08 of 1st period - Shot Misses the Net.
0:08 of 1st period - Puck is out of play.
0:09 of 1st period - Alexander Wennberg wins face-off versus Derek Ryan in Indians zone.
0:10 of 1st period - Backhand shot by Mathew Barzal.
0:10 of 1st period - Shot Misses the Net.
0:12 of 1st period - Slapshot by Matt Dumba.
0:12 of 1st period - Stopped by Leland Irving with a rebound.
0:14 of 1st period - Snap shot by Alexander Wennberg.
0:14 of 1st period - Shot Misses the Net.
0:16 of 1st period - Slapshot by Mathew Barzal.
0:16 of 1st period - Goal by Mathew Barzal - Indians : 0 - Kessel Run : 1.
0:17 of 1st period - Eric O'Dell wins face-off versus Casey Wellman in neutral zone.
0:22 of 1st period - Slapshot by Alex Grant.
0:22 of 1st period - Deflect By Ladislav Nagy.
0:22 of 1st period - Stopped by Jonas Hiller with a rebound.
1:08 of 1st period - Ladislav Smid is hit by Justin Florek.
1:18 of 1st period - Slapshot by Zac Dalpe.
1:18 of 1st period - Deflect By Rocco Grimaldi.
1:18 of 1st period - Shot Misses the Net.
1:18 of 1st period - Puck is out of play.
1:19 of 1st period - Derek Ryan wins face-off versus Alexander Wennberg in Kessel Run zone.
1:20 of 1st period - Wrist shot by Damien Brunner.
1:20 of 1st period - Stopped by Jonas Hiller without a rebound.
1:21 of 1st period - Alexander Wennberg wins face-off versus Derek Ryan in Kessel Run zone.
1:21 of 1st period - Alexander Wennberg is hit by Ladislav Smid.
1:47 of 1st period - Jussi Jokinen is hit by Dan Hamhuis and loses puck.
1:59 of 1st period - Minor Penalty to Dan Hamhuis for Holding.
2:00 of 1st period - Mikko Koivu wins face-off versus Alexander Wennberg in Indians zone.
2:05 of 1st period - Icing by Marc-Andre Gragnani.
2:06 of 1st period - Alexander Wennberg wins face-off versus Eric O'Dell in Kessel Run zone.
2:13 of 1st period - Slapshot by Matt Dumba.
2:13 of 1st period - Shot Blocked by Eric O'Dell.
2:50 of 1st period - Snap shot by Mathew Barzal.
2:50 of 1st period - Shot Blocked by Rocco Grimaldi.
3:06 of 1st period - Wrist shot by Alexander Wennberg.
3:06 of 1st period - Shot Blocked by Tobias Enstrom.
3:08 of 1st period - Slapshot by Marc-Andre Gragnani.
3:08 of 1st period - Shot Misses the Net.
3:10 of 1st period - Wrist shot by Matt Dumba.
3:10 of 1st period - Shot Blocked by Mikko Koivu.
3:12 of 1st period - Snap shot by William Nylander.
3:12 of 1st period - Stopped by Leland Irving with a rebound.
3:24 of 1st period - Snap shot by Alexander Wennberg.
3:24 of 1st period - Stopped by Leland Irving with a rebound.
3:26 of 1st period - Slapshot by Marc-Andre Gragnani.
3:26 of 1st period - Stopped by Leland Irving with a rebound.
3:28 of 1st period - Slapshot by Matt Dumba.
3:28 of 1st period - Deflect By Mathew Barzal.
3:28 of 1st period - Shot Misses the Net.
3:28 of 1st period - Puck is out of play.
3:29 of 1st period - Casey Wellman wins face-off versus Eric O'Dell in Indians zone.
3:59 of 1st period - Penalty to Dan Hamhuis is over, Dan Hamhuis is back on ice.
4:15 of 1st period - Dan Hamhuis is hit by Rostislav Olesz and loses puck.
5:00 of 1st period - Marc-Andre Gragnani is hit by Thomas Vanek and loses puck.
5:24 of 1st period - Icing by Eric O'Dell.
5:25 of 1st period - Jean-Sebastien Dea wins face-off versus Eric O'Dell in Indians zone.
5:28 of 1st period - Slapshot by Matt Dumba.
5:28 of 1st period - Shot Misses the Net.
6:08 of 1st period - Drew Stafford is hit by Matt Dumba and loses puck.
6:35 of 1st period - Damien Brunner is hit by Jussi Jokinen and loses puck.
7:04 of 1st period - Off-side.
7:05 of 1st period - Derek Ryan wins face-off versus Casey Wellman in neutral zone.
7:13 of 1st period - Off-side.
7:14 of 1st period - Derek Ryan wins face-off versus Casey Wellman in neutral zone.
7:16 of 1st period - Off-side.
7:17 of 1st period - Mathew Barzal wins face-off versus Derek Ryan in neutral zone.
7:35 of 1st period - Icing by Mathew Barzal.
7:36 of 1st period - Alexander Wennberg wins face-off versus Mikko Koivu in Kessel Run zone.
7:47 of 1st period - Slapshot by Alexander Wennberg.
7:47 of 1st period - Shot Hit the Post.
7:57 of 1st period - Wrist shot by Mathew Barzal.
7:57 of 1st period - Stopped by Leland Irving with a rebound.
7:59 of 1st period - Slapshot by William Nylander.
7:59 of 1st period - Stopped by Leland Irving without a rebound.
8:00 of 1st period - Casey Wellman wins face-off versus Derek Ryan in Indians zone.
8:13 of 1st period - Wrist shot by Ladislav Nagy.
8:13 of 1st period - Stopped by Leland Irving with a rebound.
8:15 of 1st period - Slapshot by Gavin Bayreuther.
8:15 of 1st period - Deflect By Thomas Vanek.
8:15 of 1st period - Stopped by Leland Irving without a rebound.
8:16 of 1st period - Mikko Koivu wins face-off versus Alexander Wennberg in Indians zone.
8:22 of 1st period - Slapshot by Alex Biega.
8:22 of 1st period - Goal by Alex Biega - Indians : 1 - Kessel Run : 1.
8:23 of 1st period - Jean-Sebastien Dea wins face-off versus Derek Ryan in neutral zone.
8:39 of 1st period - Slapshot by Matt Dumba.
8:39 of 1st period - Shot Blocked by Derek Ryan.
9:01 of 1st period - Snap shot by Alex Grant.
9:01 of 1st period - Stopped by Jonas Hiller without a rebound.
9:02 of 1st period - Mikko Koivu wins face-off versus Alexander Wennberg in Kessel Run zone.
9:13 of 1st period - Slapshot by Eric Tangradi.
9:13 of 1st period - Shot Misses the Net.
9:19 of 1st period - Ladislav Smid is hit by William Nylander and loses puck.
9:34 of 1st period - Backhand shot by Justin Florek.
9:34 of 1st period - Shot Misses the Net.
9:36 of 1st period - Slapshot by Evgeny Medvedev.
9:36 of 1st period - Deflect By Jon Matsumoto.
9:36 of 1st period - Stopped by Leland Irving with a rebound.
9:38 of 1st period - Wrist shot by Byron Froese.
9:38 of 1st period - Shot Blocked by Ladislav Smid.
10:14 of 1st period - Marc-Andre Gragnani is hit by Alex Biega and loses puck.
10:19 of 1st period - Slapshot by Alex Grant.
10:19 of 1st period - Shot Blocked by Marc-Andre Gragnani.
10:21 of 1st period - Slapshot by Alex Biega.
10:21 of 1st period - Shot Misses the Net.
10:23 of 1st period - Slapshot by Alex Grant.
10:23 of 1st period - Stopped by Jonas Hiller with a rebound.
10:33 of 1st period - Minor Penalty to Jean-Sebastien Dea for Goalie Interference.
10:34 of 1st period - Jon Matsumoto wins face-off versus Derek Ryan in Kessel Run zone.
12:27 of 1st period - Dean Kukan is hit by Mikko Koivu.
12:33 of 1st period - Penalty to Jean-Sebastien Dea is over, Jean-Sebastien Dea is back on ice.
12:48 of 1st period - Jussi Jokinen is hit by Rocco Grimaldi and loses puck.
13:01 of 1st period - Slapshot by Alex Grant.
13:01 of 1st period - Deflect By Eric Tangradi.
13:01 of 1st period - Shot Misses the Net.
13:01 of 1st period - Puck is out of play.
13:02 of 1st period - Mikko Koivu wins face-off versus Rostislav Olesz in Kessel Run zone.
13:35 of 1st period - Wrist shot by Rocco Grimaldi.
13:35 of 1st period - Deflect By Zac Dalpe.
13:35 of 1st period - Shot Blocked by Ladislav Nagy.
13:35 of 1st period - Puck is out of play.
13:36 of 1st period - Thomas Vanek wins face-off versus Alexander Wennberg in Kessel Run zone.
13:45 of 1st period - Snap shot by Derek Ryan.
13:45 of 1st period - Stopped by Jonas Hiller without a rebound.
13:46 of 1st period - Alexander Wennberg wins face-off versus Derek Ryan in Kessel Run zone.
13:51 of 1st period - Damien Brunner is hit by Matt Dumba.
14:01 of 1st period - Snap shot by Mathew Barzal.
14:01 of 1st period - Shot Blocked by Ladislav Smid.
14:18 of 1st period - Trevor Carrick is hit by Alex Grant and loses puck.
14:51 of 1st period - Slapshot by Damien Brunner.
14:51 of 1st period - Shot Misses the Net.
15:11 of 1st period - Wrist shot by Alexander Wennberg.
15:11 of 1st period - Stopped by Leland Irving with a rebound.
15:13 of 1st period - Wrist shot by Mathew Barzal.
15:13 of 1st period - Stopped by Leland Irving with a rebound.
15:17 of 1st period - Wrist shot by Mathew Barzal.
15:17 of 1st period - Stopped by Leland Irving with a rebound.
15:38 of 1st period - Wrist shot by Mathew Barzal.
15:38 of 1st period - Stopped by Leland Irving with a rebound.
15:40 of 1st period - Slapshot by Matt Dumba.
15:40 of 1st period - Deflect By Mathew Barzal.
15:40 of 1st period - Stopped by Leland Irving without a rebound.
15:41 of 1st period - Jussi Jokinen wins face-off versus Eric O'Dell in Indians zone.
16:07 of 1st period - Chris Conner is hit by Jon Matsumoto and loses puck.
16:20 of 1st period - Wrist shot by Jon Matsumoto.
16:20 of 1st period - Shot Misses the Net.
16:35 of 1st period - Slapshot by Gavin Bayreuther.
16:35 of 1st period - Shot Blocked by Alex Biega.
16:35 of 1st period - Alex Biega from Indians is injured at 16:35 of 1st period (Left Knee).
16:36 of 1st period - Casey Wellman wins face-off versus Chris Conner in Indians zone.
17:02 of 1st period - Dan Hamhuis is hit by Alexander Wennberg and loses puck.
17:50 of 1st period - Snap shot by Jon Matsumoto.
17:50 of 1st period - Stopped by Leland Irving with a rebound.
18:01 of 1st period - Minor Penalty to Slater Koekkoek for Hooking.
18:02 of 1st period - Alexander Wennberg wins face-off versus Eric O'Dell in Indians zone.
18:05 of 1st period - Snap shot by Alexander Wennberg.
18:05 of 1st period - Stopped by Leland Irving with a rebound.
18:53 of 1st period - Snap shot by Casey Wellman.
18:53 of 1st period - Shot Misses the Net.
Goals for this period are 1 for Indians vs 1 for Kessel Run.
Shots for this period are 6 for Indians vs 17 for Kessel Run.

2nd period


0:01 of 2nd period - Penalty to Slater Koekkoek is over, Slater Koekkoek is back on ice.
0:01 of 2nd period - Eric O'Dell wins face-off versus Mathew Barzal in neutral zone.
0:13 of 2nd period - Snap shot by Alexander Wennberg.
0:13 of 2nd period - Stopped by Leland Irving with a rebound.
0:15 of 2nd period - Snap shot by William Nylander.
0:15 of 2nd period - Deflect By Mathew Barzal.
0:15 of 2nd period - Shot Misses the Net.
0:15 of 2nd period - Puck is out of play.
0:16 of 2nd period - Derek Ryan wins face-off versus Casey Wellman in Indians zone.
1:05 of 2nd period - Slapshot by Gavin Bayreuther.
1:05 of 2nd period - Stopped by Leland Irving without a rebound.
1:06 of 2nd period - Jean-Sebastien Dea wins face-off versus Eric O'Dell in Indians zone.
1:19 of 2nd period - Chris Conner is hit by Sergei Kostitsyn and loses puck.
1:30 of 2nd period - Backhand shot by Sergei Kostitsyn.
1:30 of 2nd period - Stopped by Leland Irving without a rebound.
1:31 of 2nd period - Casey Wellman wins face-off versus Derek Ryan in Indians zone.
1:48 of 2nd period - Slapshot by Ladislav Nagy.
1:48 of 2nd period - Stopped by Leland Irving with a rebound.
2:09 of 2nd period - Snap shot by Alexander Wennberg.
2:09 of 2nd period - Shot Blocked by Ladislav Smid.
2:21 of 2nd period - Slapshot by Drew Stafford.
2:21 of 2nd period - Shot Misses the Net.
2:23 of 2nd period - Wrist shot by Dan Hamhuis.
2:23 of 2nd period - Deflect By Chris Conner.
2:23 of 2nd period - Stopped by Jonas Hiller with a rebound.
2:25 of 2nd period - Slapshot by Ladislav Smid.
2:25 of 2nd period - Stopped by Jonas Hiller without a rebound.
2:26 of 2nd period - Derek Ryan wins face-off versus Jussi Jokinen in Kessel Run zone.
2:29 of 2nd period - Slapshot by Derek Ryan.
2:29 of 2nd period - Stopped by Jonas Hiller with a rebound.
2:31 of 2nd period - Slapshot by Alex Grant.
2:31 of 2nd period - Shot Blocked by Evgeny Medvedev.
2:39 of 2nd period - Slapshot by Evgeny Medvedev.
2:39 of 2nd period - Shot Blocked by Derek Ryan.
2:41 of 2nd period - Snap shot by Evgeny Medvedev.
2:41 of 2nd period - Shot Blocked by Damien Brunner.
2:43 of 2nd period - Slapshot by Jussi Jokinen.
2:43 of 2nd period - Kessel Run goal is going for a video replay.
2:43 of 2nd period - The goal is good.
2:43 of 2nd period - Goal by Jussi Jokinen - Indians : 1 - Kessel Run : 2.
2:44 of 2nd period - Casey Wellman wins face-off versus Derek Ryan in neutral zone.
3:21 of 2nd period - Wrist shot by Mathew Barzal.
3:21 of 2nd period - Shot Misses the Net.
3:39 of 2nd period - Snap shot by Sergei Kostitsyn.
3:39 of 2nd period - Stopped by Leland Irving with a rebound.
4:01 of 2nd period - Wrist shot by Matt Dumba.
4:01 of 2nd period - Stopped by Leland Irving without a rebound.
4:02 of 2nd period - Derek Ryan wins face-off versus Byron Froese in Indians zone.
4:38 of 2nd period - Snap shot by Jon Matsumoto.
4:38 of 2nd period - Shot Blocked by Slater Koekkoek.
4:52 of 2nd period - Snap shot by Justin Florek.
4:52 of 2nd period - Shot Misses the Net.
5:14 of 2nd period - Drew Stafford is hit by Byron Froese.
5:26 of 2nd period - Snap shot by Jon Matsumoto.
5:26 of 2nd period - Stopped by Leland Irving without a rebound.
5:27 of 2nd period - Derek Ryan wins face-off versus Casey Wellman in Indians zone.
5:36 of 2nd period - Wrist shot by Damien Brunner.
5:36 of 2nd period - Stopped by Jonas Hiller without a rebound.
5:37 of 2nd period - Derek Ryan wins face-off versus Ladislav Nagy in Kessel Run zone.
5:52 of 2nd period - Snap shot by Jussi Jokinen.
5:52 of 2nd period - Stopped by Leland Irving with a rebound.
5:54 of 2nd period - Snap shot by Marc-Andre Gragnani.
5:54 of 2nd period - Shot Blocked by Derek Ryan.
5:56 of 2nd period - Slapshot by Dean Kukan.
5:56 of 2nd period - Stopped by Leland Irving without a rebound.
5:57 of 2nd period - Mikko Koivu wins face-off versus Alexander Wennberg in Indians zone.
6:24 of 2nd period - Matt Dumba is hit by Derek Ryan and loses puck.
6:50 of 2nd period - Eric O'Dell is hit by Sergei Kostitsyn and loses puck.
7:23 of 2nd period - Slapshot by Matt Dumba.
7:23 of 2nd period - Stopped by Leland Irving with a rebound.
7:31 of 2nd period - Slapshot by Dan Hamhuis.
7:31 of 2nd period - Deflect By Casey Wellman.
7:31 of 2nd period - Stopped by Jonas Hiller with a rebound.
7:33 of 2nd period - Slapshot by Dan Hamhuis.
7:33 of 2nd period - Stopped by Jonas Hiller without a rebound.
7:34 of 2nd period - Derek Ryan wins face-off versus Ladislav Nagy in Kessel Run zone.
7:35 of 2nd period - Snap shot by Damien Brunner.
7:35 of 2nd period - Stopped by Jonas Hiller with a rebound.
7:37 of 2nd period - Wrist shot by Slater Koekkoek.
7:37 of 2nd period - Stopped by Jonas Hiller without a rebound.
7:38 of 2nd period - Derek Ryan wins face-off versus Casey Wellman in Kessel Run zone.
7:39 of 2nd period - Wrist shot by Damien Brunner.
7:39 of 2nd period - Shot Blocked by Ladislav Nagy.
7:41 of 2nd period - Slapshot by Slater Koekkoek.
7:41 of 2nd period - Stopped by Jonas Hiller without a rebound.
7:42 of 2nd period - Derek Ryan wins face-off versus Alexander Wennberg in Kessel Run zone.
8:15 of 2nd period - Snap shot by Jussi Jokinen.
8:15 of 2nd period - Stopped by Leland Irving without a rebound.
8:16 of 2nd period - Casey Wellman wins face-off versus Mikko Koivu in Indians zone.
8:17 of 2nd period - Snap shot by Jussi Jokinen.
8:17 of 2nd period - Shot Misses the Net.
8:41 of 2nd period - Dan Hamhuis is hit by Matt Dumba.
8:45 of 2nd period - William Nylander is hit by Ladislav Smid and loses puck.
9:21 of 2nd period - Slapshot by Evgeny Medvedev.
9:21 of 2nd period - Shot Misses the Net.
9:29 of 2nd period - Evgeny Medvedev is hit by Eric Tangradi and loses puck.
10:22 of 2nd period - Alex Grant is hit by Marc-Andre Gragnani and loses puck.
10:41 of 2nd period - Backhand shot by Jon Matsumoto.
10:41 of 2nd period - Deflect By Justin Florek.
10:41 of 2nd period - Shot Misses the Net.
10:41 of 2nd period - Puck is out of play.
10:42 of 2nd period - Mikko Koivu wins face-off versus Byron Froese in Indians zone.
10:49 of 2nd period - Snap shot by Nick Sorensen.
10:49 of 2nd period - Stopped by Jonas Hiller without a rebound.
10:50 of 2nd period - Alexander Wennberg wins face-off versus Derek Ryan in Kessel Run zone.
10:59 of 2nd period - Alexander Wennberg is hit by Derek Ryan and loses puck.
11:08 of 2nd period - Derek Ryan is hit by Matt Dumba and loses puck.
12:22 of 2nd period - Dan Hamhuis is hit by Evgeny Medvedev and loses puck.
12:33 of 2nd period - Snap shot by Casey Wellman.
12:33 of 2nd period - Shot Blocked by Dan Hamhuis.
12:35 of 2nd period - Wrist shot by Jussi Jokinen.
12:35 of 2nd period - Deflect By Casey Wellman.
12:35 of 2nd period - Stopped by Leland Irving with a rebound.
12:37 of 2nd period - Slapshot by Gavin Bayreuther.
12:37 of 2nd period - Stopped by Leland Irving without a rebound.
12:38 of 2nd period - Alexander Wennberg wins face-off versus Damien Brunner in Indians zone.
12:53 of 2nd period - Alexander Wennberg is hit by Derek Ryan and loses puck.
13:04 of 2nd period - Eric Tangradi is hit by Jean-Sebastien Dea and loses puck.
13:33 of 2nd period - Byron Froese is hit by Slater Koekkoek and loses puck.
13:56 of 2nd period - Snap shot by Damien Brunner.
13:56 of 2nd period - Stopped by Jonas Hiller with a rebound.
14:13 of 2nd period - Nick Sorensen is hit by Mathew Barzal and loses puck.
14:48 of 2nd period - Icing by Rostislav Olesz.
14:49 of 2nd period - Alexander Wennberg wins face-off versus Eric O'Dell in Kessel Run zone.
16:11 of 2nd period - Icing by Matt Dumba.
16:12 of 2nd period - Alexander Wennberg wins face-off versus Mikko Koivu in Kessel Run zone.
16:17 of 2nd period - Wrist shot by Eric Tangradi.
16:17 of 2nd period - Shot Blocked by William Nylander.
16:27 of 2nd period - Snap shot by Mikko Koivu.
16:27 of 2nd period - Stopped by Jonas Hiller without a rebound.
16:28 of 2nd period - Derek Ryan wins face-off versus Jean-Sebastien Dea in Kessel Run zone.
16:31 of 2nd period - Slapshot by Derek Ryan.
16:31 of 2nd period - Shot Misses the Net.
16:55 of 2nd period - Backhand shot by Alexander Wennberg.
16:55 of 2nd period - Stopped by Leland Irving without a rebound.
16:56 of 2nd period - Mikko Koivu wins face-off versus Alexander Wennberg in Indians zone.
17:03 of 2nd period - Slapshot by Ladislav Smid.
17:03 of 2nd period - Stopped by Jonas Hiller without a rebound.
17:04 of 2nd period - Alexander Wennberg wins face-off versus Derek Ryan in Kessel Run zone.
17:19 of 2nd period - Snap shot by Derek Ryan.
17:19 of 2nd period - Stopped by Jonas Hiller without a rebound.
17:20 of 2nd period - Eric O'Dell wins face-off versus Casey Wellman in Kessel Run zone.
17:31 of 2nd period - Wrist shot by Eric O'Dell.
17:31 of 2nd period - Shot Misses the Net.
17:33 of 2nd period - Wrist shot by Drew Stafford.
17:33 of 2nd period - Stopped by Jonas Hiller with a rebound.
17:35 of 2nd period - Slapshot by Eric O'Dell.
17:35 of 2nd period - Shot Misses the Net.
17:45 of 2nd period - Alex Grant is hit by Marc-Andre Gragnani and loses puck.
18:34 of 2nd period - Rocco Grimaldi is hit by Justin Florek and loses puck.
19:06 of 2nd period - Snap shot by Casey Wellman.
19:06 of 2nd period - Stopped by Leland Irving without a rebound.
19:07 of 2nd period - Alexander Wennberg wins face-off versus Derek Ryan in Indians zone.
19:18 of 2nd period - Mathew Barzal is hit by Ladislav Smid and loses puck.
19:33 of 2nd period - Trevor Carrick is hit by Chris Conner and loses puck.
19:55 of 2nd period - Snap shot by Rostislav Olesz.
19:55 of 2nd period - Shot Misses the Net.
Goals for this period are 0 for Indians vs 1 for Kessel Run.
Shots for this period are 15 for Indians vs 16 for Kessel Run.

3rd period


0:01 of 3rd period - Alexander Wennberg wins face-off versus Derek Ryan in neutral zone.
0:26 of 3rd period - Drew Stafford is hit by Sergei Kostitsyn and loses puck.
0:35 of 3rd period - Snap shot by Sergei Kostitsyn.
0:35 of 3rd period - Stopped by Leland Irving without a rebound.
0:36 of 3rd period - Derek Ryan wins face-off versus Casey Wellman in Indians zone.
0:50 of 3rd period - Slapshot by Damien Brunner.
0:50 of 3rd period - Stopped by Jonas Hiller without a rebound.
0:51 of 3rd period - Alexander Wennberg wins face-off versus Mikko Koivu in Kessel Run zone.
1:04 of 3rd period - Wrist shot by Nick Sorensen.
1:04 of 3rd period - Stopped by Jonas Hiller without a rebound.
1:05 of 3rd period - Alexander Wennberg wins face-off versus Derek Ryan in Kessel Run zone.
1:59 of 3rd period - Slapshot by Matt Dumba.
1:59 of 3rd period - Stopped by Leland Irving without a rebound.
2:00 of 3rd period - Jean-Sebastien Dea wins face-off versus Derek Ryan in Indians zone.
2:03 of 3rd period - Wrist shot by Sergei Kostitsyn.
2:03 of 3rd period - Shot Misses the Net.
2:53 of 3rd period - Snap shot by Ladislav Nagy.
2:53 of 3rd period - Deflect By Jussi Jokinen.
2:53 of 3rd period - Shot Blocked by Eric Tangradi.
2:53 of 3rd period - Puck is out of play.
2:54 of 3rd period - Casey Wellman wins face-off versus Mikko Koivu in Indians zone.
3:06 of 3rd period - Jussi Jokinen is hit by Slater Koekkoek and loses puck.
3:15 of 3rd period - Snap shot by Nick Sorensen.
3:15 of 3rd period - Shot Blocked by Casey Wellman.
3:19 of 3rd period - Snap shot by Eric Tangradi.
3:19 of 3rd period - Shot Misses the Net.
3:21 of 3rd period - Slapshot by Eric Tangradi.
3:21 of 3rd period - Shot Misses the Net.
3:23 of 3rd period - Wrist shot by Mikko Koivu.
3:23 of 3rd period - Shot Misses the Net.
3:25 of 3rd period - Slapshot by Slater Koekkoek.
3:25 of 3rd period - Deflect By Mikko Koivu.
3:25 of 3rd period - Stopped by Jonas Hiller with a rebound.
3:27 of 3rd period - Snap shot by Eric Tangradi.
3:27 of 3rd period - Shot Misses the Net.
3:29 of 3rd period - Wrist shot by Nick Sorensen.
3:29 of 3rd period - Shot Misses the Net.
3:31 of 3rd period - Slapshot by Eric Tangradi.
3:31 of 3rd period - Stopped by Jonas Hiller without a rebound.
3:32 of 3rd period - Derek Ryan wins face-off versus William Nylander in Kessel Run zone.
3:47 of 3rd period - Snap shot by Damien Brunner.
3:47 of 3rd period - Stopped by Jonas Hiller with a rebound.
3:49 of 3rd period - Slapshot by Ladislav Smid.
3:49 of 3rd period - Shot Blocked by Gavin Bayreuther.
3:59 of 3rd period - William Nylander is hit by Mirco Mueller and loses puck.
4:27 of 3rd period - Off-side.
4:28 of 3rd period - Eric O'Dell wins face-off versus Jean-Sebastien Dea in neutral zone.
4:37 of 3rd period - Wrist shot by Eric O'Dell.
4:37 of 3rd period - Deflect By Drew Stafford.
4:37 of 3rd period - Shot Misses the Net.
4:37 of 3rd period - Puck is out of play.
4:38 of 3rd period - Jean-Sebastien Dea wins face-off versus Derek Ryan in Kessel Run zone.
5:10 of 3rd period - Wrist shot by Jon Matsumoto.
5:10 of 3rd period - Deflect By Eric O'Dell.
5:10 of 3rd period - Stopped by Leland Irving with a rebound.
5:12 of 3rd period - Snap shot by Jon Matsumoto.
5:12 of 3rd period - Shot Misses the Net.
5:40 of 3rd period - Wrist shot by Zac Dalpe.
5:40 of 3rd period - Stopped by Jonas Hiller without a rebound.
5:41 of 3rd period - Jean-Sebastien Dea wins face-off versus Derek Ryan in Kessel Run zone.
5:50 of 3rd period - Slapshot by Gavin Bayreuther.
5:50 of 3rd period - Deflect By Dan Hamhuis.
5:50 of 3rd period - Stopped by Leland Irving without a rebound.
5:51 of 3rd period - Derek Ryan wins face-off versus Jean-Sebastien Dea in Indians zone.
7:04 of 3rd period - Sergei Kostitsyn is hit by Dan Hamhuis and loses puck.
7:21 of 3rd period - Slapshot by Sergei Kostitsyn.
7:21 of 3rd period - Deflect By Jean-Sebastien Dea.
7:21 of 3rd period - Stopped by Leland Irving with a rebound.
7:26 of 3rd period - Off-side.
7:27 of 3rd period - Alexander Wennberg wins face-off versus Chris Conner in neutral zone.
7:36 of 3rd period - Alexander Wennberg is hit by Drew Stafford and loses puck.
8:01 of 3rd period - Snap shot by Nick Sorensen.
8:01 of 3rd period - Stopped by Jonas Hiller with a rebound.
8:17 of 3rd period - Dean Kukan is hit by Mirco Mueller and loses puck.
8:54 of 3rd period - Snap shot by Jon Matsumoto.
8:54 of 3rd period - Stopped by Leland Irving without a rebound.
8:55 of 3rd period - Byron Froese wins face-off versus Zac Dalpe in Indians zone.
9:08 of 3rd period - Jon Matsumoto is hit by Dan Hamhuis and loses puck.
9:32 of 3rd period - Eric O'Dell is hit by Jussi Jokinen and loses puck.
9:44 of 3rd period - Drew Stafford is hit by Matt Dumba and loses puck.
9:54 of 3rd period - Off-side.
9:55 of 3rd period - Alexander Wennberg wins face-off versus Derek Ryan in neutral zone.
10:24 of 3rd period - Snap shot by Sergei Kostitsyn.
10:24 of 3rd period - Stopped by Leland Irving without a rebound.
10:25 of 3rd period - Mikko Koivu wins face-off versus Jean-Sebastien Dea in Indians zone.
10:32 of 3rd period - Slapshot by Nick Sorensen.
10:32 of 3rd period - Shot Misses the Net.
10:38 of 3rd period - Eric Tangradi is hit by Sergei Kostitsyn and loses puck.
10:50 of 3rd period - Mikko Koivu is hit by Jussi Jokinen and loses puck.
10:55 of 3rd period - Slapshot by Casey Wellman.
10:55 of 3rd period - Shot Blocked by Eric Tangradi.
10:57 of 3rd period - Snap shot by Ladislav Nagy.
10:57 of 3rd period - Stopped by Leland Irving with a rebound.
10:59 of 3rd period - Slapshot by Ladislav Nagy.
10:59 of 3rd period - Shot Misses the Net.
11:01 of 3rd period - Wrist shot by Jussi Jokinen.
11:01 of 3rd period - Stopped by Leland Irving with a rebound.
11:44 of 3rd period - Byron Froese is hit by Eric O'Dell and loses puck.
11:55 of 3rd period - Slapshot by Gavin Bayreuther.
11:55 of 3rd period - Deflect By Mirco Mueller.
11:55 of 3rd period - Stopped by Leland Irving with a rebound.
11:57 of 3rd period - Slapshot by Evgeny Medvedev.
11:57 of 3rd period - Deflect By Zac Dalpe.
11:57 of 3rd period - Stopped by Leland Irving with a rebound.
11:59 of 3rd period - Slapshot by Sergei Kostitsyn.
11:59 of 3rd period - Shot Misses the Net.
13:25 of 3rd period - Mikko Koivu is hit by Rostislav Olesz and loses puck.
13:33 of 3rd period - Icing by Tobias Enstrom.
13:34 of 3rd period - Alexander Wennberg wins face-off versus Mikko Koivu in Indians zone.
14:09 of 3rd period - Snap shot by Mikko Koivu.
14:09 of 3rd period - Deflect By Nick Sorensen.
14:09 of 3rd period - Shot Blocked by Evgeny Medvedev.
14:09 of 3rd period - Puck is out of play.
14:10 of 3rd period - Thomas Vanek wins face-off versus Casey Wellman in Kessel Run zone.
14:11 of 3rd period - Wrist shot by Derek Ryan.
14:11 of 3rd period - Stopped by Jonas Hiller with a rebound.
14:42 of 3rd period - Thomas Vanek is hit by Jussi Jokinen and loses puck.
14:49 of 3rd period - Snap shot by Casey Wellman.
14:49 of 3rd period - Shot Misses the Net.
14:53 of 3rd period - Snap shot by Casey Wellman.
14:53 of 3rd period - Stopped by Leland Irving without a rebound.
14:54 of 3rd period - Eric O'Dell wins face-off versus Alexander Wennberg in Indians zone.
15:21 of 3rd period - Jean-Sebastien Dea is hit by Eric Tangradi and loses puck.
15:32 of 3rd period - Eric Tangradi is hit by Sergei Kostitsyn and loses puck.
16:10 of 3rd period - Slapshot by Evgeny Medvedev.
16:10 of 3rd period - Shot Misses the Net.
16:57 of 3rd period - Nick Sorensen is hit by Trevor Carrick and loses puck.
17:14 of 3rd period - Chris Conner is hit by Matt Dumba and loses puck.
17:46 of 3rd period - Off-side.
17:47 of 3rd period - Eric O'Dell wins face-off versus Alexander Wennberg in neutral zone.
17:53 of 3rd period - Off-side.
17:54 of 3rd period - Mikko Koivu wins face-off versus Alexander Wennberg in neutral zone.
18:02 of 3rd period - Slapshot by Eric Tangradi.
18:02 of 3rd period - Stopped by Jonas Hiller with a rebound.
18:04 of 3rd period - Snap shot by Mikko Koivu.
18:04 of 3rd period - Shot Hit the Post.
18:55 of 3rd period - Wrist shot by Casey Wellman.
18:55 of 3rd period - Shot Misses the Net.
19:09 of 3rd period - Indians, Leland Irving is pulled from the net.
19:09 of 3rd period - Snap shot by Damien Brunner.
19:09 of 3rd period - Stopped by Jonas Hiller with a rebound.
19:11 of 3rd period - Wrist shot by Damien Brunner.
19:11 of 3rd period - Shot Misses the Net.
19:13 of 3rd period - Slapshot by Ladislav Smid.
19:13 of 3rd period - Stopped by Jonas Hiller without a rebound.
19:14 of 3rd period - call a timeout for Indians.
19:14 of 3rd period - Alexander Wennberg wins face-off versus Drew Stafford in Kessel Run zone.
19:29 of 3rd period - Wrist shot by Damien Brunner.
19:29 of 3rd period - Shot Blocked by Matt Dumba.
19:31 of 3rd period - Slapshot by Damien Brunner.
19:31 of 3rd period - Shot Misses the Net.
19:33 of 3rd period - Snap shot by Derek Ryan.
19:33 of 3rd period - Shot Blocked by Marc-Andre Gragnani.
19:35 of 3rd period - Snap shot by Ladislav Smid.
19:35 of 3rd period - Shot Blocked by Marc-Andre Gragnani.
Goals for this period are 0 for Indians vs 0 for Kessel Run.
Shots for this period are 11 for Indians vs 12 for Kessel Run.